 Dungeon Crawl Stone Soup version 0.28-a0-563-gf77a47075d (webtiles) character file.

Game seed: 4721098672669599603

86 omnomnOMINOUS the Magician (level 4, -1/29 HPs)
             Began as an Octopode Wanderer on Sept 29, 2021.
             Was a Believer of Elyvilon.
             Slain by an orc priest (8 damage)
             ... on level 4 of the Dungeon.
             The game lasted 00:08:11 (3754 turns).

omnomnOMINOUS the Magician (Octopode Wanderer)      Turns: 3754, Time: 00:08:12

Health: -1/29      AC:  1    Str:  9    XL:     4   Next: 50%
Magic:  8/8        EV: 13    Int: 17    God:    Elyvilon [**....]
Gold:   207        SH:  0    Dex: 11    Spells: 8/9 levels left

rFire   . . .      SeeInvis .   a - +2 dagger
rCold   . . .      Faith    .   (no shield)
rNeg    . . .      Spirit   .   (helmet restricted)
rPois   .          Reflect  .   (no amulet)
rElec   .          Harm     .   (no ring)
rCorr   .          Rampage  .   (no ring)
Will    .....                   (no ring)
Stlth   ++........              (no ring)
HPRegen 0.09/turn               (no ring)
MPRegen 0.11/turn               (no ring)
                                (no ring)
                                (no ring)

@: no status effects
A: almost no armour, amphibious, 8 rings, camouflage 1, gelatinous body 1,
(nimble swimmer 1), tentacles
a: Renounce Religion, Lesser Healing, Heal Other, Divine Protection


You were on level 4 of the Dungeon.
You worshipped Elyvilon.
Elyvilon was pleased with you.
You visited 1 branch of the dungeon, and saw 4 of its levels.

You collected 207 gold pieces.

Inventory:

Hand Weapons
 a - a +2 dagger (weapon)
 b - a +0 trident
Missiles
 l - 6 atropa-tipped darts
 p - 4 curare-tipped darts (quivered)
 q - 6 poisoned darts
Magical Staves
 e - a staff of earth
Scrolls
 d - a scroll of acquirement {unknown}
 g - a scroll of enchant weapon {unknown}
 h - 2 scrolls of fog {unknown}
 i - a scroll of magic mapping {unknown}
 k - a scroll of enchant armour {unknown}
 o - 2 scrolls of immolation {unknown}
 r - a scroll of identify {unknown}
Potions
 f - 2 potions of lignification {unknown}
 j - a potion of magic {unknown}
 m - a potion of heal wounds {unknown}
 n - a potion of invisibility {unknown}
 s - a potion of might {unknown}


   Skills:
 + Level 1.7 Fighting
 - Level 1.0 Throwing
 + Level 1.6 Dodging
 - Level 3.0 Spellcasting
 - Level 2.0 Hexes
 - Level 1.0 Necromancy
 * Level 2.8 Ice Magic
 - Level 2.4 Poison Magic
 - Level 1.1 Evocations


You had 8 spell levels left.
You knew the following spells:

 Your Spells              Type           Power      Damage    Failure   Level
a - Freeze                Ice            48%        1d7       5%          1

Your spell library contained the following spells:

 Spells                   Type           Power      Damage    Failure   Level
 Poisonous Vapours        Pois/Air       12%        N/A       16%         2
 Ozocubu's Armour         Ice            12%        N/A       17%         3
 Corpse Rot               Necr/Air       N/A        N/A       22%         2
 Blade Hands              Tmut           1%         N/A       99%         5
 Irradiate                Conj/Tmut      1%         3d13      99%         5
 Dragon Form              Tmut           1%         N/A       100%        7
 Chain Lightning          Conj/Air       1%         3d1       100%        9
 Fire Storm               Conj/Fire      1%         7d1       100%        9
 Shatter                  Erth           1%         3d5*      100%        9


Dungeon Overview and Level Annotations

Branches:
Dungeon (4/15)
 Temple: D:4-7

Altars:
Ashenzari
Elyvilon
Ru
Uskayaw

Annotations:
D:2 exclusions: adder and 3 gnolls


Innate Abilities, Weirdness & Mutations

You cannot wear most types of armour.
You are amphibious.
You can wear up to eight rings at the same time.
Your skin changes colour to match your surroundings (Stealth+).
Your rubbery body absorbs attacks. (AC +1, EV +1)
((You are camouflaged near water. (Stealth+)))
You have tentacles for arms and can constrict up to eight enemies at once.


Message History

You hit the endoplasm but do no damage.
The endoplasm is moderately wounded.
The endoplasm barely misses you.
You hit the endoplasm.
The endoplasm is almost dead.
The endoplasm freezes you.
You are frozen.
You barely miss the endoplasm. You squeeze the endoplasm.
You kill the endoplasm!
The orc priest hits you with a +0 war axe!
You hit the orc priest. Your grab misses the orc priest.
The orc priest is lightly wounded.
The endoplasm closely misses you. The orc priest closely misses you.
Unknown command.
The orc priest hits you with a +0 war axe.
You hear the slow hiss of a very distant avalanche of sand.
You completely miss the endoplasm. You squeeze the endoplasm.
The endoplasm is severely wounded.
The endoplasm hits you but does no damage.
You hit the endoplasm.
The endoplasm is almost dead.
The endoplasm freezes you.
You are frozen.
The orc priest calls down the wrath of Beogh upon you.
Beogh smites you!
* * * LOW HITPOINT WARNING * * *
You feel better. The endoplasm freezes you.
You are frozen.
* * * LOW HITPOINT WARNING * * *
You hit the endoplasm.
You kill the endoplasm!
You hit the orc priest. Your grab misses the orc priest.
The orc priest is lightly wounded.
The orc priest hits you with a +0 war axe.
* * * LOW HITPOINT WARNING * * *
You barely miss the orc priest. Your grab misses the orc priest.
The orc priest is lightly wounded.
The orc priest hits you with a +0 war axe!
You die...

#.#......#.....#..
.........#.....#..
#.#.####.##.†.##.### #
#)......#...#.. $# #
#.......##.##.##.##
#.#........#.#.. ...#
#.#........###.##!..##
###.......#...#..#o....#
[.............#.@#.....#.
###.†....#.......o..!.....
###...####..............
#...# ###############
#...# #...# #####


You could see an orc priest.

Vanquished Creatures
  2 adders
  3 dart slugs
  8 endoplasms
  3 giant cockroaches
  5 goblins
  6 hobgoblins
  A quokka (D:1)
  9 ball pythons
  8 bats
  5 frilled lizards
  5 kobolds
  4 rats
59 creatures vanquished.

Notes
Turn   | Place    | Note
-------+----------+-------------------------------------------
     0 | D:1      | omnomnOMINOUS the Octopode Wanderer began the quest for the
                  | Orb.
     0 | D:1      | omnomnOMINOUS set off with the following items: a +2
                  | dagger, 4 curare-tipped darts, a potion of curing; and the
                  | following spell memorised: Freeze; and the following spells
                  | available to memorise: Ozocubu's Armour
     0 | D:1      | Reached XP level 1. HP: 11/11 MP: 4/4
   421 | D:1      | Reached skill level 1 in Ice Magic
   421 | D:1      | Reached XP level 2. HP: 18/18 MP: 6/6
   693 | D:1      | Found a faded altar of an unknown god.
   708 | D:1      | Became a worshipper of Elyvilon the Healer
   708 | D:1      | Reached * piety under Elyvilon
   794 | D:1      | Reached skill level 1 in Fighting
   794 | D:1      | Reached skill level 1 in Dodging
  1162 | D:2      | Reached XP level 3. HP: 20/23 MP: 7/7
  1496 | D:2      | Reached ** piety under Elyvilon
  2697 | D:2      | Reached XP level 4. HP: 24/28 MP: 8/8
  2839 | D:3      | Found a sacrificial altar of Ru.
  2849 | D:3      | Found a hide-covered altar of Uskayaw.
  3258 | D:3      | Found a broken altar of Ashenzari.
  3750 | D:4      | HP: 1/29 [orc priest/divine providence (8)]
  3754 | D:4      | Slain by an orc priest

Illustrated notes

Levels and vault maps discovered:
D:1:      lemuel_arrival_river_bridge, layout_basic,
          ebering_ecumenical_altar_rust
D:2:      layout_basic, serial_co_window_serial, co_window_of_opportunity_a,
          co_window_corner_a, co_window_corner_a, co_window_paths_a,
          co_window_paths_b, co_window_corner_cb, co_window_unsneaky_path_c,
          co_window_of_opportunity_b, co_window_broadway_c, co_window_paths_e,
          glass_columns_a, glass_columns_a
D:3:      layout_loops_ring, mainiacjoe_overflow_large_starburst,
          amcnicky_altar_gilded
D:4:      layout_basic, mainiacjoe_overflow_surrounded_room,
          lemuel_coloured_pillars_altar, minmay_temple_entry_hall,
          enter_ossuary_2, minmay_unequal, uniq_sigmund

Skill      XL: |  1  2  3 |
---------------+----------+-----
Ice Magic      | 1 2 |  2.8
Fighting       | 1 |  1.7
Dodging        | 1 |  1.6
Throwing       | |  1.0
Spellcasting   | |  3.0
Hexes          | |  2.0
Necromancy     | |  1.0
Poison Magic   | |  2.4
Evocations     | |  1.1

Action                   |  1- 3 |  4- 6 || total
-------------------------+-------+-------++-------
Melee: Dagger            |    93 |    38 ||   131
       Constrict         |    21 |     4 ||    25
       Tentacles         |     8 |     5 ||    13
 Cast: Freeze            |     1 |       ||     1
  Use: Potion            |       |     1 ||     1
 Stab: Sleeping          |    12 |     7 ||    19
Armor: Skin              |    20 |     2 ||    22
Dodge: Dodged            |    53 |    17 ||    70

Table legend: (Time is in decaauts)
 A = Elapsed time spent in this place.
 B = Non-inter-level travel time spent in this place.
 C = Inter-level travel time spent in this place.
 D = Time resting spent in this place.
 E = Time spent auto-exploring this place.
 F = Levels seen in this place.
 G = Mean time per level.
                   A        B        C        D        E       F      G
               +--------+--------+--------+--------+--------+-----+--------+
         Total |   3753 |   3665 |     88 |      0 |   3141 |   4 |  938.2 |
       Dungeon |   3753 |   3665 |     88 |      0 |   3141 |   4 |  938.2 |
               +--------+--------+--------+--------+--------+-----+--------+

Top non-repeatable levels by time:
     D:2: 1632 daAuts
     D:1: 1140 daAuts
     D:3: 822 daAuts
     D:4: 157 daAuts
